 Dungeon Crawl Stone Soup version 0.29.1-12-g30fa7ad0bf (webtiles) character file.

Game seed: 1479119308633215467

29 sneakypete the Chopper (level 3, -5/28 HPs)
             Began as a Demonspawn Gladiator on Jan 12, 2023.
             Slain by Crazy Yiuf
             ... wielding a +3 quarterstaff of chaos
              (10 damage)
             ... on level 2 of the Dungeon.
             The game lasted 00:06:25 (1344 turns).

sneakypete the Chopper (Demonspawn Gladiator)       Turns: 1344, Time: 00:06:25

Health: -5/28      AC:  4    Str: 22    XL:     3   Next: 1%
Magic:  3/3        EV: 12    Int:  9    God:
Gold:   43         SH:  0    Dex: 14    Spells: 2/2 levels left

rFire   . . .      SeeInvis .   a - +0 war axe
rCold   . . .      Faith    .   (no shield)
rNeg    . . .      Spirit   .   b - +0 leather armour
rPois   .          Reflect  .   c - +0 helmet
rElec   .          Harm     .   (no cloak)
rCorr   .          Rampage  .   (no gloves)
Will    .....                   (no boots)
Stlth   +.........              (no amulet)
HPRegen 0.09/turn               m - +6 ring of strength
MPRegen 0.08/turn               (no ring)

@: invisible
A: demonic touch 1
a: no special abilities


You were on level 2 of the Dungeon.
You visited 1 branch of the dungeon, and saw 2 of its levels.

You collected 43 gold pieces.

Inventory:

Hand Weapons
 a - a +0 war axe (weapon)
 n - the +7 sling of Disembowelment {flame, Will+ Int+2}
   (You found it on level 2 of the Dungeon)

   Any ammunition fired from it burns those it strikes, dealing additional fire
   damage.
   Int:       It affects your intelligence (+2).
   Will:      It increases your willpower.
 o - a +1 dagger of flaming
Missiles
 d - 3 throwing nets (quivered)
 e - a javelin
Armour
 b - a +0 leather armour (worn)
 c - a +0 helmet (worn)
Jewellery
 m - a +6 ring of strength (left hand)
Scrolls
 g - a scroll of identify {unknown}
 h - a scroll of magic mapping {unknown}
 i - a scroll of teleportation {unknown}
 k - a scroll of silence {unknown}
 l - a scroll of noise {unknown}
Potions
 f - 2 potions of cancellation {unknown}
 j - a potion of brilliance {unknown}


   Skills:
 + Level 2.4 Fighting
 + Level 3.2 Axes
 + Level 1.9 Throwing
 + Level 2.9 Dodging
 + Level 0.4 Stealth


You had 2 spell levels left.
You didn't know any spells.
Your spell library was empty.

Dungeon Overview and Level Annotations

Branches:
Dungeon (2/15)

Altars:

Shops:
D:2 =

Annotations:
D:2 Crazy Yiuf


Innate Abilities, Weirdness & Mutations

Your touch may inflict minor irresistible damage on your foes.


Message History

You barely miss the adder. The adder misses you. The adder bites you.
You barely miss the adder. The adder completely misses you.
The adder barely misses you.
You barely miss the adder. The adder bites you.
You are poisoned.
The adder poisons you! The adder barely misses you.
You closely miss the adder. Your touch misses the adder.
You feel sick. The adder bites you but does no damage.
You barely miss the adder.
You feel sick. The adder bites you but does no damage.
The adder barely misses you.
You hit the adder.
You touch the adder!
You kill the adder!
You feel sick.
You are no longer poisoned.
You have reached level 3!
Your experience leads to an increase in your attributes!
Your base attributes are Str 14, Int 9, Dex 14.
Increase (S)trength, (I)ntelligence, or (D)exterity?
You feel stronger. x2
You start resting.
HP restored.
Unknown command.
There is an entrance to Jeecriu's Jewellery Shop here.
Found a hammer.
Found a runed translucent door.
Crazy Yiuf shouts!
Crazy Yiuf laughs, "Orb noodlescoop tortoise!"
You open the door.
Crazy Yiuf drinks a potion.
Crazy Yiuf flickers and vanishes!
Deactivating autopickup; reactivate with Ctrl-A.
Something hits you.
You fade into invisibility!
There is an open translucent door, spattered with blood here.
You barely miss something. Something hits you! Something burns you.
You hit something. Your touch misses something. Something hits you!
* * * LOW HITPOINT WARNING * * *
You fade further into invisibility.
You barely miss something.
You touch something.
Something hits you.
* * * LOW HITPOINT WARNING * * *
You are electrocuted!
You die...

#. #..#.# #.#
#.8..###
#.###......##
#.#...<......
#.#....†.#
......∩..#
.........##♣♣♣♣♣
...###8#..#..♣.♣♣♣
#### ...#
#........♣.@♣#...#
...#
##......♣♣♣♣.'...#
...# ##..#.♣♣
♣♣#..)# ...#
####♣♣ #### †..#
...# ...# ...#
...#


There were no monsters in sight!

Vanquished Creatures
  An adder (D:2)
  A dart slug (D:1)
  3 endoplasms
  A giant cockroach (D:1)
  2 goblins
  2 hobgoblins (D:1)
  A quokka (D:2)
  2 ball pythons (D:1)
  A frilled lizard (D:2)
  2 kobolds (D:1)
16 creatures vanquished.

Notes
Turn   | Place    | Note
-------+----------+-------------------------------------------
     0 | D:1      | sneakypete the Demonspawn Gladiator began the quest for the
                  | Orb.
     0 | D:1      | Reached XP level 1. HP: 16/16 MP: 1/1
   637 | D:1      | Gained mutation: Your touch may inflict minor irresistible
                  | damage on your foes. [demonic ancestry]
   637 | D:1      | Reached XP level 2. HP: 13/23 MP: 2/2
   791 | D:1      | Reached skill level 3 in Axes
  1040 | D:2      | Found Jeecriu's Jewellery Shop.
  1152 | D:2      | Identified the +7 sling of Disembowelment {flame, Will+
                  | Int+2}
  1197 | D:2      | Reached XP level 3. HP: 17/28 MP: 3/3
  1334 | D:2      | Found a runed translucent door.
  1335 | D:2      | Noticed Crazy Yiuf
  1344 | D:2      | Slain by Crazy Yiuf

Illustrated notes

Levels and vault maps discovered:
D:1:      saegor_arrival_miasma, layout_basic
D:2:      layout_basic, serial_shops, shop_statue, uniq_crazy_yiuf_cottage

Skill      XL: |  1  2 |
---------------+-------+-----
Axes           | 3 |  3.2
Fighting       | |  2.4
Throwing       | |  1.9
Dodging        | |  2.9
Stealth        | |  0.4

Action                   || total
-------------------------++-------
Melee: War axe           ||    32
       Touch             ||     3
Armor: Leather armour    ||    10
Dodge: Dodged            ||    28
